 Dungeon Crawl Stone Soup version 0.22.1-5-g62c59d9 (webtiles) character file.

78 Fang the Chopper (level 4, 0/43 HPs)
             Began as a Gargoyle Berserker on Jan 11, 2019.
             Was a Believer of Trog.
             Slain by a gnoll
             ... wielding a +2 flail of venom
              (13 damage)
             ... on level 3 of the Dungeon.
             The game lasted 00:01:18 (1630 turns).

Fang the Chopper (Gargoyle Berserker)               Turns: 1630, Time: 00:01:18

Health: 0/43       AC:  5    Str: 27    XL:     4   Next: 36%
Magic:  4/4        EV: 12    Int:  7    God:    Trog [**....]
Gold:   104        SH:  0    Dex:  9    Spells: 3/3 levels left

rFire    . . .     SeeInvis .   a - +0 hand axe
rCold    . . .     Gourm    .   (no shield)
rNeg     + . .     Faith    .   b - +0 animal skin
rPois    ∞         Spirit   .   (no helmet)
rElec    +         Reflect  .   (no cloak)
rCorr    .         Harm     .   (no gloves)
MR       .....                  (no boots)
Stlth    ..........             (no amulet)
HPRegen  0.14/turn              (no ring)
MPRegen  0.09/turn              (no ring)

@: berserking (expiring), very quick
A: negative energy resistance 1, electricity resistance, unbreathing,
petrification resistance, rot immunity, AC +3
a: Berserk, Trog's Hand, Renounce Religion


You were on level 3 of the Dungeon.
You worshipped Trog.
Trog was pleased with you.
You were very hungry.

You visited 1 branch of the dungeon, and saw 3 of its levels.

You collected 104 gold pieces.

Inventory:

Hand Weapons
 a - a +0 hand axe (weapon)
Armour
 b - a +0 animal skin (worn)
Jewellery
 l - an uncursed amulet of the gourmand {unknown}
Scrolls
 d - 2 scrolls of remove curse {unknown}
 e - 2 scrolls of magic mapping {unknown}
 f - 8 scrolls of identify {unknown}
 g - 2 scrolls of fog {unknown}
 h - 2 scrolls of fear {unknown}
Potions
 i - a potion of resistance {unknown}
 j - a potion of magic {unknown}
 k - a potion of flight {unknown}
Comestibles
 c - 5 rations
 m - 3 chunks of flesh


   Skills:
 + Level 3.8 Fighting
 + Level 3.9 Axes
 + Level 2.2 Armour
 + Level 2.0 Dodging
 + Level 0.3 Stealth


You had 3 spell levels left.
You didn't know any spells.
Your spell library was empty.

Dungeon Overview and Level Annotations

Branches:
Dungeon (3/15)

Altars:
Dithmenos
Qazlal
Vehumet


Innate Abilities, Weirdness & Mutations

You are resistant to torment.
Your stone body is resilient. (AC +3)
You are immune to poison.
You resist negative energy. (rN+)
You are resistant to electric shocks. (rElec)
You can survive without breathing.
You are immune to petrification.
You are immune to rotting.


Message History

Trog accepts your kill.
The gnoll hits you from afar with a spear of flaming.
The gnoll burns you.
* * * LOW HITPOINT WARNING * * *
The gnoll hits you but does no damage.
You see here a spear.
Unknown command.
You hit the gnoll.
The gnoll is lightly wounded.
The gnoll misses you.
You slash the gnoll!
You kill the gnoll!
Trog accepts your kill. The gnoll misses you.
Things that are here:
a spear of flaming; a gnoll corpse You slash the gnoll!
The gnoll is almost dead.
The gnoll hits you with a flail of venom!
You die...

...........
##.......... ..........
. ....... #. .....#
##.##.##.#
#.#...#.##.#####
#....g@).......# #####
.....#.###.###.####...#
### #. ...# #....#.#.#
..#.### #.##.#.#.#
####. ####.#.#.# #
#.#.#.## #.#.#...
#.#.#### #.#.#


You could see a gnoll.

Vanquished Creatures
  2 gnolls (D:3)
  An ooze (D:1)
  A worm (D:2)
  2 dart slugs (D:1)
  3 giant cockroaches (D:2)
  6 goblins
  2 hobgoblins
  10 jackals (D:1)
  5 kobolds
  A quokka (D:2)
  4 bats (D:1)
  A frilled lizard (D:2)
  4 rats
42 creatures vanquished.

Notes
Turn   | Place    | Note
-------+----------+-------------------------------------------
     0 | D:1      | Fang the Gargoyle Berserker began the quest for the Orb.
     0 | D:1      | Reached XP level 1. HP: 14/14 MP: 1/1
    37 | D:1      | Reached XP level 2. HP: 11/19 MP: 2/2
   414 | D:1      | Reached XP level 3. HP: 24/24 MP: 3/3
   467 | D:1      | You fall through a shaft!
   618 | D:2      | Found a shadowy altar of Dithmenos.
   692 | D:2      | Reached ** piety under Trog
  1178 | D:2      | Found a stormy altar of Qazlal.
  1178 | D:2      | Found a radiant altar of Vehumet.
  1517 | D:1      | Reached XP level 4. HP: 28/29 MP: 4/4
  1630 | D:3      | Slain by a gnoll

Skill      XL: |  1  2  3 |
---------------+----------+-----
Axes           | 3 |  3.9
Dodging        | 2 |  2.0
Fighting       | |  3.8
Armour         | |  2.2
Stealth        | |  0.3

Action                   |  1- 3 |  4- 6 || total
-------------------------+-------+-------++-------
Melee: Hand axe          |   148 |     6 ||   154
Invok: Berserk           |       |     1 ||     1
  Eat: Chunk             |     1 |     1 ||     2
Armor: Animal skin       |    57 |     1 ||    58
Dodge: Dodged            |   100 |     5 ||   105
